 Dungeon Crawl Stone Soup version 0.23-a0-667-gc184e93 (console) character file.

31 Duffy the Conjurer (level 3, -13/24 HPs)
             Began as a Demonspawn Fire Elementalist on Jan 8, 2019.
             Killed by nerve-wracking pain
             ... invoked by a shadow imp
             ... summoned by Natasha
              (14 damage)
             ... on level 2 of the Dungeon.
             The game lasted 00:01:13 (1586 turns).

Duffy the Conjurer (Demonspawn Fire Elementalist)   Turns: 1586, Time: 00:01:14

Health: -13/24     AC:  8    Str:  8    XL:     3   Next: 7%
Magic:  4/6        EV: 12    Int: 17    God:
Gold:   31         SH:  0    Dex: 13    Spells: 5/6 levels left

rFire    . . .     SeeInvis .   i - +0 short sword
rCold    . . .     Gourm    .   (no shield)
rNeg     . . .     Faith    .   a - +0 robe
rPois    .         Spirit   .   (no helmet)
rElec    .         Reflect  .   (no cloak)
rCorr    .         Harm     .   (no gloves)
MR       .....                  h - +0 pair of boots
Stlth    ++........             (no amulet)
HPRegen  0.08/turn              m - +3 ring of protection
MPRegen  0.10/turn              (no ring)

@: slowed, very slow
A: iridescent scales 1
a: no special abilities


You were on level 2 of the Dungeon.
You were hungry.

You visited 1 branch of the dungeon, and saw 2 of its levels.

You collected 31 gold pieces.

Inventory:

Hand Weapons
 i - a +0 short sword (weapon)
 l - a +0 whip
Armour
 a - a +0 robe (worn)
 h - a +0 pair of boots (worn)
Jewellery
 m - a +3 ring of protection (left hand)
Scrolls
 b - 2 scrolls of identify {unknown}
 e - a scroll of remove curse {unknown}
 j - a scroll of teleportation {unknown}
 k - a scroll of magic mapping {unknown}
Potions
 d - a potion of invisibility {unknown}
 f - a potion of brilliance {unknown}
 g - 2 potions of heal wounds {unknown}
 o - a potion of flight {unknown}
Comestibles
 c - 2 rations
 n - 2 chunks of flesh


   Skills:
 - Level 1.7 Dodging
 - Level 1.7 Stealth
 - Level 2.0 Spellcasting
 + Level 3.1 Conjurations
 - Level 2.6 Fire Magic


You had 5 spell levels left.
You knew the following spells:

 Your Spells              Type           Power        Failure   Level  Hunger
h - Flame Tongue          Conj/Fire      ##...        6%          1    #......

Your spell library contained the following spells:

 Spells                   Type           Power        Failure   Level  Hunger
 Throw Flame              Conj/Fire      ##....       9%          2    ###....
 Conjure Flame            Conj/Fire      ##......     19%         3    ###....
 Inner Flame              Hex/Fire       #.......     32%         3    ###....
 Sticky Flame             Conj/Fire      ##......     52%         4    #####..
 Fireball                 Conj/Fire      ##........   86%         5    ######.


Dungeon Overview and Level Annotations

Branches:
Dungeon (2/15)

Altars:

Annotations:
D:2 Natasha


Innate Abilities, Weirdness & Mutations

You are partially covered in iridescent scales. (AC +2)


Message History

Natasha hisses.
Natasha stares at you and mumbles some strange words.
The magic dart hits you!
Natasha zaps a wand.
Some rock shatters into small pieces.
The white imp gestures at you. The puff of frost hits you!
The white imp disappears in a puff of smoke!
Natasha zaps a wand.
Some rock shatters into small pieces.
The now-empty wand crumbles to dust.
Natasha casts a spell.
Natasha stares at you and mumbles some strange words.
The magic dart hits you!
There is an open door here.
Natasha casts a spell.
The shadow imp gestures at you. Pain shoots through your body!
The shadow imp gestures at you. Pain shoots through your body!
Ouch! That really hurt!
You die...

..............#...#...#[..
...........##...#.#.#...#.
............#...#.#.#...##
..............#...#...#...
...........##.#.#...#.#.#.
...........##############.
#######.######........<...
..........................
########@#####........##..
#.## ....... ### #..#
....... # #########'###
....... # #........5..##
....... #........h5..#
....... #............#
#............#
#...........##


You could see Natasha, a crimson imp and a shadow imp.

Vanquished Creatures
  An adder (D:2)
  A dart slug (D:1)
  A leopard gecko (D:1)
  2 giant cockroaches
  A goblin (D:1)
  A hobgoblin (D:1)
  6 kobolds (D:1)
  3 bats
  A frilled lizard (D:1)
  4 rats (D:1)
21 creatures vanquished.

Notes
Turn   | Place    | Note
-------+----------+-------------------------------------------
     0 | D:1      | Duffy the Demonspawn Fire Elementalist began the quest for
                  | the Orb.
     0 | D:1      | Reached XP level 1. HP: 13/13 MP: 3/3
   440 | D:1      | Reached skill level 2 in Conjurations
   610 | D:1      | Gained mutation: You are partially covered in iridescent
                  | scales. (AC +2) [demonic ancestry]
   610 | D:1      | Reached XP level 2. HP: 19/19 MP: 1/5
  1557 | D:2      | Noticed Natasha
  1566 | D:2      | Reached skill level 3 in Conjurations
  1566 | D:2      | Reached XP level 3. HP: 24/24 MP: 2/6
  1585 | D:2      | HP: 1/24 [shadow imp/nerve-wracking pain[Natasha] (7)]
  1586 | D:2      | Killed from afar by a shadow imp

Vault maps used:
D:1:      dpeg_arrival_arbitrary_b
D:2:      kennysheep_cross_room, minmay_misc_feat_alley, uniq_robin,
          uniq_natasha

Skill      XL: |  1  2 |
---------------+-------+-----
Conjurations   | 2 3 |  3.1
Dodging        | |  1.7
Stealth        | |  1.7
Spellcasting   | |  2.0
Fire Magic     | |  2.6

Action                   || total
-------------------------++-------
Melee: Short sword       ||     1
 Cast: Flame Tongue      ||    37
  Eat: Chunk             ||     2
Armor: Robe              ||     9
Dodge: Dodged            ||    15

Table legend:
 A = Non-vault XP
 B = Vault XP
 C = Vault XP percentage of total XP
 D = Non-vault monster count
 E = Vault monster count
 F = Vault count percentage of total count
                 A         B        C        D         E       F
            +---------+---------+-------+---------+---------+-------
      Total |      45 |       0 |   0.0 |      21 |       0 |   0.0
            +---------+---------+-------+---------+---------+-------
        D:1 |      28 |       0 |   0.0 |      18 |       0 |   0.0
        D:2 |      17 |       0 |   0.0 |       3 |       0 |   0.0
            +---------+---------+-------+---------+---------+-------
